 Dungeon Crawl Stone Soup version 0.28-a0-1190-g77e1c55843 (webtiles) character file.

Game seed: 8636174108290841895

103 emperorscorpion the Chopper (level 4, -5/67 HPs)
             Began as a Gnoll Chaos Knight on Dec 18, 2021.
             Was a Plaything of Xom.
             Slain by Sigmund (9 damage)
             ... on level 3 of the Dungeon.
             The game lasted 00:05:32 (2193 turns).

emperorscorpion the Chopper (Gnoll Chaos Knight)    Turns: 2193, Time: 00:05:33

Health: -5/67      AC: 22    Str: 12    XL:     4   Next: 79%
Magic:  5/5        EV:  2    Int: 11    God:    Xom [..*...]
Gold:   131        SH:  0    Dex: 13    Spells: 5/5 levels left

rFire   . . .      SeeInvis .   a - +0 hand axe (chaos)
rCold   . . .      Faith    .   (no shield)
rNeg    . . .      Spirit   .   (armour currently unavailable)
rPois   +          Reflect  .   (helmet currently unavailable)
rElec   .          Harm     .   (cloak currently unavailable)
rCorr   .          Rampage  .   (gloves currently unavailable)
Will    .....      NoTele   +   (boots currently unavailable)
Stlth   ++........              (no amulet)
HPRegen 0.21/turn               (no ring)
MPRegen 0.09/turn               (no ring)

@: tree-form (expiring), attractive
A: stationary, stasis, torment immunity, boosted hp, (fangs 1), strong nose,
distributed training, (hooves 1), robust 1, wild magic 1
a: Renounce Religion


You were on level 3 of the Dungeon.
You worshipped Xom.
You were a toy of Xom.
You were a tree.
You visited 1 branch of the dungeon, and saw 4 of its levels.

You collected 131 gold pieces.

Inventory:

Hand Weapons
 a - a +0 hand axe of chaos (weapon)
 b - a +0 hunting sling
 l - a +3 trident
Missiles
 f - a throwing net (quivered)
 m - 20 stones
 o - 47 arrows
 q - 18 bolts
Armour
 j - a +3 leather armour (melded)
 k - a +0 scale mail
Scrolls
 d - a scroll of enchant armour
 h - 2 scrolls of fog {unknown}
 n - a scroll of brand weapon {unknown}
Potions
 i - a potion of attraction


   Skills:
 + Level 6.6 Fighting
 + Level 1.2 Short Blades
 + Level 1.2 Long Blades
 + Level 6.6 Axes
 + Level 1.2 Maces & Flails
 + Level 1.2 Polearms
 + Level 1.2 Staves
 + Level 1.2 Slings
 + Level 1.2 Bows
 + Level 1.2 Crossbows
 + Level 1.2 Throwing
 + Level 4.7 Armour
 + Level 2.8 Dodging
 + Level 1.2 Stealth
 + Level 1.2 Shields
 + Level 1.2 Unarmed Combat
 + Level 1.2 Spellcasting
 + Level 1.0 Conjurations
 + Level 1.0 Hexes
 + Level 1.0 Summonings
 + Level 1.0 Necromancy
 + Level 1.0 Translocations
 + Level 1.0 Transmutations
 + Level 1.0 Fire Magic
 + Level 1.0 Ice Magic
 + Level 1.0 Air Magic
 + Level 1.0 Earth Magic
 + Level 1.0 Poison Magic
 + Level 1.3 Invocations
 + Level 1.2 Evocations


You had 5 spell levels left.
You didn't know any spells.
Your spell library was empty.

Dungeon Overview and Level Annotations

Branches:
Dungeon (4/15)
 Temple: D:4-7

Altars:
Dithmenos

Annotations:
D:1 dig
D:3 Sigmund


Innate Abilities, Weirdness & Mutations

You are a tree.
Your roots penetrate the ground, keeping you stationary.
You cannot be teleported.
You are immune to unholy pain and torment.
Your maximum health is greatly increased.
Your equipment is partially melded.
((You have very sharp teeth.))
Your uncanny sense of smell can sniff out nearby items.
Your experience applies equally to all skills.
((You have large cloven feet.))
You are robust. (+10% HP)
Your spells are a little harder to cast, but a little more powerful.


Message History

* * * LOW HITPOINT WARNING * * *
You closely miss something. Something bites you but does no damage.
You hit something but do no damage. Something bites you but does no damage.
Something hits you but does no damage.
You closely miss something.
Something bites you but does no damage. x2
Something hits you but does no damage.
You closely miss something.
The goblin is no longer petrified.
Something bites you but does no damage.
You hit something but do no damage.
Nothing appears to happen.
Something bites you but does no damage. Something hits you but does no damage.
Something bites you but does no damage.
You barely miss something. Something bites you.
* * * LOW HITPOINT WARNING * * *
Something bites you but does no damage.
You completely miss something.
Your transformation is almost over.
Your hearing returns.
Sigmund appears from thin air!
Reactivating autopickup.
Sigmund hits you but does no damage. Something bites you but does no damage.
Deactivating autopickup; reactivate with Ctrl-A.
Okay, then.
You completely miss something.
Something bites you but does no damage. x2
Sigmund barely misses you.
You slash something!
Reactivating autopickup.
You feel a bit more experienced.
You hit the goblin.
The goblin seems to grow stronger.
The goblin hits you but does no damage. Sigmund is attracted toward you.
Unknown command.
You hit Sigmund.
Sigmund is poisoned.
Sigmund is lightly wounded.
You hit the goblin.
You kill the goblin!
Sigmund hits you but does no damage.
You slash Sigmund!
Sigmund is heavily wounded.
Sigmund hits you with a +0 scythe!
You die...
Xom titters!

.... .#.. .... #...
..... ..... .....
##... ......
.##...###......
_.#...#.........#
.##...)♣# .#
##....)@#######.##
....#...§........#
#..............#
...#...........##.##
.........†>.........
....................
............).......
<#...=....†.........


You could see Sigmund (very poisoned).

Vanquished Creatures
  Ijyb (D:3)
  3 adders
  2 worms (D:2)
  2 dart slugs (D:2)
  4 bats
  3 endoplasms
  A giant cockroach (D:1)
  4 goblins
  2 hobgoblins
  3 quokkas
  6 ball pythons
  3 frilled lizards (D:1)
  3 kobolds
  4 rats
41 creatures vanquished.

Vanquished Creatures (collateral kills)
  A bat (D:3)
  A kobold (D:3)
2 creatures vanquished.

Vanquished Creatures (others)
  22 plants (D:1)
22 creatures vanquished.

Grand Total: 65 creatures vanquished

Notes
Turn   | Place    | Note
-------+----------+-------------------------------------------
     0 | D:1      | emperorscorpion the Gnoll Chaos Knight began the quest for
                  | the Orb.
     0 | D:1      | Reached XP level 1. HP: 23/23 MP: 1/1
   125 | D:1      | XOM: silly message
   248 | D:1      | Reached XP level 2. HP: 29/29 MP: 2/2
   634 | D:1      | XOM: give mutations
   634 | D:1      | Gained mutation: You have large cloven feet. [Xom's grace]
   634 | D:1      | Gained mutation: You are robust. (+10% HP) [Xom's grace]
   634 | D:1      | Gained mutation: Your spells are a little harder to cast,
                  | but a little more powerful. [Xom's grace]
   669 | D:1      | XOM: god gift: 17 gold pieces
  1109 | D:2      | Reached XP level 3. HP: 38/38 MP: 3/3
  1263 | D:2      | Reached skill level 1 in Invocations
  1612 | D:2      | Reached skill level 1 in Short Blades
  1612 | D:2      | Reached skill level 1 in Long Blades
  1612 | D:2      | Reached skill level 1 in Maces & Flails
  1612 | D:2      | Reached skill level 1 in Polearms
  1612 | D:2      | Reached skill level 1 in Staves
  1612 | D:2      | Reached skill level 1 in Slings
  1612 | D:2      | Reached skill level 1 in Bows
  1612 | D:2      | Reached skill level 1 in Crossbows
  1612 | D:2      | Reached skill level 1 in Throwing
  1612 | D:2      | Reached skill level 1 in Stealth
  1612 | D:2      | Reached skill level 1 in Shields
  1612 | D:2      | Reached skill level 1 in Unarmed Combat
  1612 | D:2      | Reached skill level 1 in Spellcasting
  1612 | D:2      | Reached skill level 1 in Evocations
  1877 | D:2      | XOM: scenery: summon butterflies
  1982 | D:2      | Reached XP level 4. HP: 34/45 MP: 5/5
  2143 | D:2      | You fall into a shaft and drop 2 floors!
  2152 | D:3      | Noticed Ijyb
  2158 | D:3      | XOM: summons friendly white imp
  2159 | D:3      | Noticed Sigmund
  2162 | D:3      | XOM: smoke on damage
  2166 | D:3      | XOM: enchant monster (good)
  2168 | D:3      | Found a shadowy altar of Dithmenos.
  2178 | D:3      | Killed Ijyb
  2179 | D:3      | Reached skill level 1 in Conjurations
  2179 | D:3      | Reached skill level 1 in Hexes
  2179 | D:3      | Reached skill level 1 in Summonings
  2179 | D:3      | Reached skill level 1 in Necromancy
  2179 | D:3      | Reached skill level 1 in Translocations
  2179 | D:3      | Reached skill level 1 in Transmutations
  2179 | D:3      | Reached skill level 1 in Fire Magic
  2179 | D:3      | Reached skill level 1 in Ice Magic
  2179 | D:3      | Reached skill level 1 in Air Magic
  2179 | D:3      | Reached skill level 1 in Earth Magic
  2179 | D:3      | Reached skill level 1 in Poison Magic
  2188 | D:3      | HP: 3/67 [something (3)]
  2193 | D:3      | Slain by Sigmund

Illustrated notes

Levels and vault maps discovered:
D:1:      kennysheep_arrival_forest, layout_basic, serial_bayou,
          serial_bayou_shore_b, serial_bayou_lagoon_a, serial_bayou_ford_a,
          serial_bayou_lake_a, serial_bayou_lagoon_b, minmay_misc_feat_pillars,
          due_unseen_surprise
D:2:      layout_loops_ring, supply_closet_lemuel, kennysheep_generic_room_6
D:3:      layout_rooms, nemelex_dance_club_becter, makhleb_altar_promises_db,
          nicolae_dithmenos_through_a_glass_darkly, serial_shops, shop,
          uniq_ijyb, uniq_sigmund
D:4:      layout_loops_ring, cheibriados_altar_1, kennysheep_generic_room_16,
          uniq_menkaure

Skill      XL: |  1  2  3  4 |
---------------+-------------+-----
Invocations    | 1 |  1.3
Short Blades   | 1 |  1.2
Long Blades    | 1 |  1.2
Maces & Flails | 1 |  1.2
Polearms       | 1 |  1.2
Staves         | 1 |  1.2
Slings         | 1 |  1.2
Bows           | 1 |  1.2
Crossbows      | 1 |  1.2
Throwing       | 1 |  1.2
Stealth        | 1 |  1.2
Shields        | 1 |  1.2
Unarmed Combat | 1 |  1.2
Spellcasting   | 1 |  1.2
Evocations     | 1 |  1.2
Conjurations   | 1 |  1.0
Hexes          | 1 |  1.0
Summonings     | 1 |  1.0
Necromancy     | 1 |  1.0
Translocations | 1 |  1.0
Transmutations | 1 |  1.0
Fire Magic     | 1 |  1.0
Ice Magic      | 1 |  1.0
Air Magic      | 1 |  1.0
Earth Magic    | 1 |  1.0
Poison Magic   | 1 |  1.0
Fighting       | |  6.6
Axes           | |  6.6
Armour         | |  4.7
Dodging        | |  2.8

Action                   |  1- 3 |  4- 6 || total
-------------------------+-------+-------++-------
Melee: Hand axe          |   101 |    22 ||   123
       Bite              |    11 |       ||    11
       Kick              |    13 |       ||    13
 Fire: Hunting sling     |     4 |       ||     4
  Use: Potion            |     1 |     4 ||     5
       Scroll            |       |     2 ||     2
 Stab: Paralysed         |     1 |       ||     1
Armor: Leather armour    |    15 |     4 ||    19
       Skin              |       |    39 ||    39
Dodge: Dodged            |    59 |    11 ||    70

Table legend: (Time is in decaauts)
 A = Elapsed time spent in this place.
 B = Non-inter-level travel time spent in this place.
 C = Inter-level travel time spent in this place.
 D = Time resting spent in this place.
 E = Time spent auto-exploring this place.
 F = Levels seen in this place.
 G = Mean time per level.
                   A        B        C        D        E       F      G
               +--------+--------+--------+--------+--------+-----+--------+
         Total |   2259 |   2234 |     25 |      0 |   1882 |   4 |  564.8 |
       Dungeon |   2259 |   2234 |     25 |      0 |   1882 |   4 |  564.8 |
               +--------+--------+--------+--------+--------+-----+--------+

Top non-repeatable levels by time:
     D:1: 1173 daAuts
     D:2: 1037 daAuts
     D:3: 39 daAuts
     D:4: 8 daAuts
